 Dungeon Crawl Stone Soup version 0.32-a0-30-gefbe487952 (webtiles) character file.

Game seed: 3229703388282397467

2 kae the Ruffian (level 1, 0/15 HPs)
             Began as a Demonspawn Shapeshifter on Jan 19, 2024.
             Hit by a stone thrown by a hobgoblin (2 damage)
             ... on level 1 of the Dungeon.
             The game lasted 00:00:12 (83 turns).

kae the Ruffian (Demonspawn Shapeshifter)             Turns: 83, Time: 00:00:13

Health: 0/15       AC:  2    Str: 14    XL:     1   Next: 33%
Magic:  1/1        EV: 12    Int: 10    God:
Gold:   0          SH:  0    Dex: 12    Spells: 0/0 levels left

rFire   . .          .
                       - Unarmed
rCold   . . .        (no shield)
rNeg    . . .        a - +0 animal skin
rPois   .            (helmet currently unavailable)
rElec   .            (cloak currently unavailable)
rCorr   .            (gloves currently unavailable)
SInv    .            (boots currently unavailable)
Will    .....        (no amulet)
Stlth   +            (no ring)
HPRegen 0.22/turn    (no ring)
MPRegen 0.07/turn

%: no passive effects
@: beast-form
A: beast (slay +1)
a: Begin Untransformation


You were on level 1 of the Dungeon.
You were a hulking beast.
You visited 1 branch of the dungeon, and saw 1 of its levels.


   Skills:
 + Level 1.1 Fighting
 - Level 1.7 Dodging
 + Level 2.7 Unarmed Combat
 * Level 2.7 Shapeshifting


You couldn't memorise any spells.
You didn't know any spells.
Your spell library was empty.

Inventory:

Missiles
 e - 7 stones (quivered)
Armour
 a - a +0 animal skin (worn)
Talismans
 c - a beast talisman
 d - a flux talisman
Potions
 b - a potion of lignification {!q}

Dungeon Overview and Level Annotations

Branches:
Dungeon (1/15) Zot: 5916

Altars:

#.#....##...........##..§≈#
#.##...###.........###.§§##
##.##### ####8+8#### #####
#.# ####+#### #.## .......
##.### .gg.. ##..#### ≈≈≈
###...#####'#####..
####.....hb....#
######J###### #.......#
#.......# ............
###.......#.. ########.....
..... .....


You could see an endoplasm, 2 hobgoblins and a bat.


Message History

Lua error: /dgldir/rcfiles/crawl-git/kae.rc:525: unexpected symbol near '#' 🤖 Initializing magus.rc ...
Bad monster_list_colour key: strict_neutral Bad channel name 'pray' for runrest: 'pray:' Options error: Missing colour in message_colour setting: 'that.*feels deathly cold' Options error: Missing colour in message_colour setting: 'and you must be Full or above to equip it' Options error: Missing colour in message_colour setting: 'but rights himself reflexively soon after' Options error: Missing colour in message_colour setting: 'before it is too late' ✅ Successfully initialized magus.rc [v1.11.3] Welcome, kae the Demonspawn Shapeshifter.
Everyone else who sought the Orb of Zot has failed.
Will you be different?
Press ? for a list of commands and other information.
Found a staircase leading out of the dungeon.
You open the door.
There is an open door here.
You open the door. 2 goblins come into view.
The goblin shouts!
There are monsters nearby!
The goblin throws a stone.
The stone barely misses you.
You barely miss the goblin. You hit the goblin.
The goblin hits you but does no damage.
You hit the goblin.
You kill the goblin!
You hit the goblin.
You kill the goblin!
No target in view!
No target in view!
No target in view!
No target in view!
e - 7 stones
There is an open door here.
There is an open door here.
There is an open door here.
You open the door.
There is an open door here.
As you open the door, it creaks loudly!
You hear a shout!
A kobold comes into view. It is wielding a +0 mace.
The kobold shouts!
There is an open door here.
You hit the kobold.
You kill the kobold!
No target in view!
No target in view!
No target in view!
There is an open door here.
There is an open door here.
You open the door.
There is an open door here.
As you open the door, it creaks loudly! 2 hobgoblins come into view.
The hobgoblin shouts!
The hobgoblin throws a stone.
The stone misses you.
No reachable target in view!
No reachable target in view!
There are monsters nearby!
There are monsters nearby!
The hobgoblin throws a stone.
The stone closely misses you.
The hobgoblin throws a stone.
The stone closely misses you.
A bat comes into view.
The bat moves out of view.
The hobgoblin throws a stone.
The stone barely misses you. The bat hits you but does no damage.
The bat hits you but does no damage.
The hobgoblin throws a stone.
The stone misses you.
The hobgoblin throws a stone.
The stone barely misses you. The bat hits you.
An endoplasm comes into view.
The bat hits you but does no damage. 😕 HP[-1]
You take 1 damage, and now have 14/15 hp.
The bat closely misses you.
The endoplasm quivers.
The bat barely misses you. 😎 HP[+1]
Your hp is fully restored (15).
The bat misses you.
The hobgoblin throws a stone.
The stone hits you. The bat barely misses you.
The hobgoblin throws a stone.
The stone hits you.
* * * LOW HITPOINT WARNING * * *
The bat barely misses you.
The hobgoblin throws a stone.
The stone hits you.
* * * LOW HITPOINT WARNING * * *
The bat hits you but does no damage.
The hobgoblin throws a stone.
The stone hits you.
* * * LOW HITPOINT WARNING * * *
The hobgoblin throws a stone.
The stone barely misses you.
The stone hits the bat.
The bat barely misses you. The bat hits you.
* * * LOW HITPOINT WARNING * * *
The bat hits you.
* * * LOW HITPOINT WARNING * * *
The hobgoblin throws a stone.
The stone hits you.
You die...

Action                     || total
---------------------------++-------
  Melee: Unarmed           ||     5
 Armour: Animal skin       ||    13
  Dodge: Dodged            ||    14

Levels and vault maps discovered:
D:1:      dpeg_arrival_morbid_curiosity, layout_rooms, minmay_split_cup_small

Notes
Turn   | Place    | Note
-------+----------+-------------------------------------------
     0 | D:1      | kae the Demonspawn Shapeshifter began the quest for the
                  | Orb.
     0 | D:1      | Reached XP level 1. HP: 15/15 MP: 1/1
     0 | D:1      | magus.rc [v1.11.3]
    81 | D:1      | HP: 3/15 [hobgoblin/stone (1)]
    83 | D:1      | Hit by a stone thrown by a hobgoblin

Vanquished Creatures
  2 goblins (D:1)
  A kobold (D:1)
3 creatures vanquished.

Table legend:
 A = Non-vault XP
 B = Vault XP
 C = Vault XP percentage of total XP
 D = Non-vault monster count
 E = Vault monster count
 F = Vault count percentage of total count
                 A         B        C        D         E       F
            +---------+---------+-------+---------+---------+-------
      Total |       0 |       4 | 100.0 |       0 |       3 | 100.0
            +---------+---------+-------+---------+---------+-------
        D:1 |       0 |       4 | 100.0 |       0 |       3 | 100.0
            +---------+---------+-------+---------+---------+-------

Action                     || total
---------------------------++-------
  Melee: Unarmed           ||     5
 Armour: Animal skin       ||    13
  Dodge: Dodged            ||    14

Illustrated notes

Table legend:
 A = Kills in this place as a percentage of kills in the entire game.
 B = Kills by you in this place as a percentage of kills by you in the entire game.
 C = Kills by friends in this place as a percentage of kills by friends in the entire game.
 D = Other kills in this place as a percentage of other kills in the entire game.
 E = Experience gained in this place as a percentage of experience gained in the entire game.
 F = Experience gained in this place divided by the number of levels of this place that you have seen.
                   A       B       C       D       E      F
               +-------+-------+-------+-------+-------+----------------------
         Total | 100.0 | 100.0 |   N/A |   N/A | 100.0 |   4.0
       Dungeon | 100.0 | 100.0 |   N/A |   N/A | 100.0 |   4.0
               +-------+-------+-------+-------+-------+----------------------

Table legend: (Time is in decaauts)
 A = Elapsed time spent in this place.
 B = Non-inter-level travel time spent in this place.
 C = Inter-level travel time spent in this place.
 D = Time resting spent in this place.
 E = Time spent auto-exploring this place.
 F = Levels seen in this place.
 G = Mean time per level.
                   A        B        C        D        E       F      G
               +--------+--------+--------+--------+--------+-----+--------+
         Total |     82 |     82 |      0 |      0 |     55 |   1 |   82.0 |
       Dungeon |     82 |     82 |      0 |      0 |     55 |   1 |   82.0 |
               +--------+--------+--------+--------+--------+-----+--------+

Top non-repeatable levels by time:
     D:1: 82 daAuts
